 Dungeon Crawl Stone Soup version 0.29.1-1-gd02db6906a (webtiles) character file.

Game seed: 17836923523556741994

882 raph the Firebug (level 8, -1/57 HPs)
             Began as a Hill Orc Fire Elementalist on Oct 11, 2022.
             Slain by a gnoll
             ... wielding a +2 whip of venom
             ... led by a gnoll bouda
              (3 damage)
             ... on level 5 of the Dungeon.
             The game lasted 00:06:57 (6229 turns).

raph the Firebug (Hill Orc Fire Elementalist)       Turns: 6229, Time: 00:06:57

Health: -1/57      AC:  6    Str: 11    XL:     8   Next: 5%
Magic:  12/12      EV: 12    Int: 17    God:
Gold:   161        SH:  0    Dex: 11    Spells: 6/13 levels left

rFire   + . .      SeeInvis .   l - +1 dagger (venom)
rCold   x . .      Faith    .   (no shield)
rNeg    . . .      Spirit   .   a - +1 robe
rPois   .          Reflect  .   q - +1 helmet
rElec   .          Harm     .   (no cloak)
rCorr   .          Rampage  .   i - +0 pair of gloves
Will    .....                   (no boots)
Stlth   ++........              o - amulet of magic regeneration
HPRegen 0.19/turn               f - ring of fire
MPRegen 0.53/turn               (no ring)

@: lethally poisoned (-1 -> -13), weakened
A: no striking features
a: no special abilities


You were on level 5 of the Dungeon.
You visited 1 branch of the dungeon, and saw 5 of its levels.

You collected 161 gold pieces.

Inventory:

Hand Weapons
 c - a +1 hand axe of flaming
 d - a +1 mace of venom
 l - a +1 dagger of venom (weapon)
 r - a +0 war axe
Armour
 a - a +1 robe (worn)
 i - a +0 pair of gloves (worn)
 q - a +1 helmet (worn)
Jewellery
 f - a ring of fire (left hand)
 o - an amulet of magic regeneration (around neck)
Scrolls
 g - a scroll of blinking
 p - a scroll of enchant armour
 s - a scroll of teleportation
 t - a scroll of brand weapon
Potions
 e - 2 potions of curing
 h - 4 potions of degeneration
 j - a potion of cancellation {unknown}
 k - a potion of brilliance {unknown}
 m - a potion of mutation {unknown}
 n - 2 potions of heal wounds {unknown}


   Skills:
 + Level 3.2 Dodging
 + Level 3.6 Stealth
 + Level 3.1 Spellcasting
 + Level 3.5 Conjurations
 * Level 6.4 Fire Magic


You had 6 spell levels left.
You knew the following spells:

 Your Spells              Type           Power      Damage    Failure   Level
a - Foxfire               Conj/Fire      100%       2x1d9     2%          1
b - Scorch                Fire           72%        2d9       1%          2
c - Flame Wave            Conj/Fire      29%        2d9       22%         4

Your spell library contained the following spells:

 Spells                   Type           Power      Damage    Failure   Level
 Conjure Flame            Conj/Fire      29%        6-21      7%          3
 Inner Flame              Hex/Fire       20%        N/A       14%         3
 Sublimation of Blood     Necr           2%         N/A       26%         2
 Wereblood                Tmut           2%         N/A       26%         2
 Petrify                  Tmut/Erth      2%         N/A       86%         4
 Irradiate                Conj/Tmut      4%         3d13      92%         5
 Summon Hydra             Summ           1%         N/A       100%        7


Dungeon Overview and Level Annotations

Branches:
Dungeon (5/15)
 Temple: D:4-7

Altars:
Cheibriados
Nemelex Xobeh
Ru
Uskayaw
Xom

Portals:
Abyss: D:4

Annotations:
D:4 2 transporters, bear's ghost, novice SpEE


Message History

You feel sick.
The gnoll bouda barks out a call to the hunt!
The gnoll picks up the pace!
You feel sick.
You feel less invigorated.
You feel less confused.
You feel sick.
The gnoll hits you with a +2 whip of venom.
* * * LOW HITPOINT WARNING * * *
You are more poisoned.
You feel very sick.
You feel sick.
You feel sick. The gnoll completely misses you.
The gnoll attacks as you move away! The gnoll closely misses you.
You feel sick. The gnoll attacks as you move away!
The gnoll hits you with a +2 whip of venom.
* * * LOW HITPOINT WARNING * * *
You are lethally poisoned!
* * * LOW HITPOINT WARNING * * *
You feel very sick.
It was a potion of curing.
You feel better.
You feel better.
The gnoll hits you with a +2 whip of venom.
* * * LOW HITPOINT WARNING * * *
You are poisoned.
The gnoll bouda hits you but does no damage.
You feel sick. The gnoll closely misses you.
You feel sick.
The gnoll bouda gazes fiercely through you!
You feel your attacks grow feeble.
You feel sick. The gnoll attacks as you move away!
The gnoll hits you with a +2 whip of venom.
* * * LOW HITPOINT WARNING * * *
You are lethally poisoned!
* * * LOW HITPOINT WARNING * * *
You feel very sick.
The gnoll hits you with a +2 whip of venom.
You die...

#.###. ########g)†..
####.........).n
#####.........#####.
#n....#####.....#
##g##### ..#####.#
#..+ _.....'.#
#..##### ..#####.#
#..g@..#####.....#
#.####.....†.#####
#. ###.###.# ##
....##..####
#.§......#
########.# ##.##
######...##
#.........#


You could see a gnoll (swift).

Vanquished Creatures
  Grinder (D:3)
  A water moccasin (D:3)
  Pargi (D:3)
  An ogre (D:4)
  A scorpion (D:4)
  2 hounds (D:4)
  A jelly (D:4)
  An orc priest (D:4)
  An iguana (D:5)
  Robin (D:3)
  3 gnolls (D:5)
  6 adders
  11 orcs
  7 endoplasms
  3 giant cockroaches
  22 goblins
  6 hobgoblins
  3 jackals (D:3)
  3 quokkas
  5 ball pythons
  4 bats
  5 frilled lizards
  2 kobolds (D:3)
  5 rats
96 creatures vanquished.

Vanquished Creatures (collateral kills)
  3 foxfires (D:1)
3 creatures vanquished.

Vanquished Creatures (others)
  294 foxfires
  2 plants (D:1)
296 creatures vanquished.

Grand Total: 395 creatures vanquished

Notes
Turn   | Place    | Note
-------+----------+-------------------------------------------
     0 | D:1      | raph the Hill Orc Fire Elementalist began the quest for the
                  | Orb.
     0 | D:1      | Reached XP level 1. HP: 14/14 MP: 3/3
   156 | D:1      | Reached XP level 2. HP: 20/20 MP: 1/4
   163 | D:1      | Learned a level 2 spell: Scorch
  1671 | D:2      | Reached XP level 3. HP: 18/26 MP: 3/5
  2618 | D:3      | Found a faded altar of an unknown god.
  2721 | D:3      | Reached skill level 4 in Fire Magic
  2964 | D:3      | Noticed Pargi
  2985 | D:3      | Killed Pargi
  2986 | D:3      | Reached XP level 4. HP: 3/33 MP: 0/7
  2986 | D:3      | Reached XP level 5. HP: 3/38 MP: 0/8
  3536 | D:3      | Noticed Grinder
  3543 | D:3      | Killed Grinder
  3544 | D:3      | Reached skill level 5 in Fire Magic
  3544 | D:3      | Reached XP level 6. HP: 21/45 MP: 1/9
  3766 | D:3      | Found a hide-covered altar of Uskayaw.
  4321 | D:3      | Learned a level 4 spell: Flame Wave
  4328 | D:3      | Noticed Robin
  4336 | D:3      | Killed Robin
  4525 | D:3      | Noticed a water moccasin
  4533 | D:3      | Killed a water moccasin
  4534 | D:3      | Reached XP level 7. HP: 39/50 MP: 5/11
  5030 | D:4      | Found a sparkling altar of Nemelex Xobeh.
  5030 | D:4      | Found a shimmering altar of Xom.
  5031 | D:4      | Found a sacrificial altar of Ru.
  5311 | D:4      | Found a one-way gate to the infinite horrors of the Abyss.
  5311 | D:4      | Noticed bear's ghost (novice SpEE)
  5313 | D:4      | Found a transporter.
  5325 | D:4      | Found a transporter.
  5385 | D:4      | Reached skill level 6 in Fire Magic
  6051 | D:5      | Entered Level 5 of the Dungeon
  6054 | D:5      | Identified the +1 ring mail of Focus {+Blink rF+ Int-5}
  6073 | D:5      | Reached XP level 8. HP: 57/57 MP: 9/12
  6184 | D:5      | Found a snail-covered altar of Cheibriados.
  6223 | D:5      | HP: 1/57 [poisoned by a gnoll]
  6229 | D:5      | HP: 2/57 [poisoned by a gnoll]
  6229 | D:5      | Slain by a gnoll

Illustrated notes

Levels and vault maps discovered:
D:1:      matt_arrival_spirals, layout_rooms, serial_rivers,
          chequers_serial_rivers_small_a, chequers_serial_rivers_marsh,
          chequers_serial_rivers_micro_a, chequers_serial_rivers_micro_b,
          chequers_serial_rivers_micro_b, serial_bayou_pond_c
D:2:      layout_loops_corners
D:3:      kennysheep_goblin_castle, layout_rooms, lemuel_tele_altar,
          hellmonk_ecumenical_altar_run_dry, minmay_misc_feat_iff, uniq_pargi,
          uniq_grinder
D:4:      layout_layer_cave, chequers_temple_overflow_statue_of_worship,
          gammafunk_ghost_abyssal_escape
D:5:      layout_loops_ring, mainiacjoe_overflow_chevrons,
          mainiacjoe_overflow_surrounded_room, mainiacjoe_overflow_alcove_4,
          minivault_24

Skill      XL: |  1  2  3  4  5  6  7 |
---------------+----------------------+-----
Stealth        | 2 3 |  3.6
Fire Magic     | 4 5 6 |  6.4
Dodging        | 2 3 |  3.2
Spellcasting   | 2 3 |  3.1
Conjurations   | 2 3 |  3.5

Action                   |  1- 3 |  4- 6 |  7- 9 || total
-------------------------+-------+-------+-------++-------
Melee: Unarmed           |     3 |       |       ||     3
       Mace              |    15 |       |       ||    15
       Dagger            |     8 |       |     6 ||    14
 Cast: Foxfire           |    59 |    55 |    59 ||   173
       Scorch            |     3 |     3 |     7 ||    13
  Use: Scroll            |    11 |     2 |     1 ||    14
       Potion            |     1 |       |     3 ||     4
 Stab: Sleeping          |     3 |       |       ||     3
Armor: Robe              |    11 |     6 |     4 ||    21
Dodge: Dodged            |    44 |    16 |    12 ||    72
